Map: Lerilak Crest

Players

FWNice (Nice)

  • Race: Protoss Protoss

Eiki - Winner!

  • Race: Protoss Protoss

Event: NationWars III

VOD

Have the link to the VOD?

Description

Time

  • Played on: Dec. 4, 2015, 2 p.m.
  • Length: 12:49
Show
View Real Time Build Order
Export as new Build Order

FWNice Protoss 

Build Orders:  

Get SALT Encoding   

  12  0:01  Probe (Chrono Boost)  
  13  0:12  Probe (Chrono Boost)  
  14  0:18  Pylon  
  14  0:22  Probe (Chrono Boost)  
  15  0:36  Gateway, Probe (Chrono Boost)  
  16  0:47  Probe (Chrono Boost)  
  16  0:48  Assimilator  
  17  0:53  Assimilator  
  17  0:57  Probe (Chrono Boost)  
  18  1:08  Probe (Chrono Boost)  
  18  1:09  Gateway  
  20  1:18  Probe (Chrono Boost)  
  20  1:24  Cybernetics Core  
  20  1:29  Probe (Chrono Boost)  
  21  1:34  Pylon  
  21  1:39  Probe (Chrono Boost)  
  22  1:50  Probe (Chrono Boost)  
  23  2:03  Mothership Core (Chrono Boost)  
  23  2:04  Stalker  
  23  2:08  Stalker  
  29  2:17  Warp Gate (Chrono Boost)  
  29  2:20  Pylon  
  29  2:39  Robotics Facility  
  29  2:42  Gateway  
  29  2:49  Stalker  
  31  2:56  Stalker  
  33  3:11  Pylon  
  31  3:26  Probe  
  31  3:30  Immortal (Chrono Boost)  
  35  3:38  Probe  
  36  4:07  Observer (Chrono Boost)  
  37  4:13  Stalker x3  
  41  4:32  Warp Prism (Chrono Boost)  
  41  4:36  Probe  
  44  4:45  Sentry  
  46  4:57  Nexus  
  46  5:17  Pylon  
  46  5:30  Pylon  
  46  5:34  Twilight Council  
  46  5:37  Probe  
  46  5:39  Gateway  
  46  5:41  Stalker x2  
  51  5:45  Sentry  
  53  5:51  Pylon  
  53  5:54  Probe  
  54  5:59  Blink (Chrono Boost)  
  54  6:00  Observer (Chrono Boost)  
  55  6:06  Probe  
  56  6:19  Probe  
  56  6:20  Probe  
  56  6:25  Pylon  
  58  6:29  Observer (Chrono Boost)  
  59  6:39  Probe x2  
  61  6:40  Robotics Facility  
  61  6:52  Stalker  
  62  6:56  Probe x2  
  62  7:00  Gateway  
  64  7:07  Probe  
  64  7:08  Probe  
  66  7:14  Gateway  
  66  7:16  Gateway  
  66  7:29  Sentry  
  68  7:30  Sentry  
  68  7:33  Stalker  
  68  7:34  Probe  
  68  7:36  Probe, Pylon  
  74  7:58  Stalker x2  
  78  8:01  Stalker  
  78  8:02  Zealot  
  82  8:05  Pylon  
  80  8:27  Stalker  
  80  8:28  Stalker x2  
  80  8:30  Zealot  
  80  8:31  Zealot x2  
  86  8:51  Stalker  
  86  8:52  Stalker  
  76  8:59  Stalker  
  76  9:00  Zealot x3  
  68  9:06  Probe  
  68  9:07  Probe  
  68  9:08  Assimilator  
  62  9:16  Probe  
  58  9:18  Assimilator  
  58  9:24  Stalker x3  
  57  9:38  Stalker  
  57  9:43  Stalker, Zealot  
  59  9:53  Zealot  
  59  9:55  Stalker x2  
  61  10:09  Dark Shrine  
  61  10:10  Warp Prism (Chrono Boost)  
  61  10:13  Stalker  
  65  10:21  Probe  
  65  10:26  Stalker x3  
  72  10:42  Nexus  
  72  11:13  Gateway  
  72  11:14  Gateway  
  72  11:21  Dark Templar  
  72  11:22  Dark Templar x3  
  80  11:29  Dark Templar  
  80  11:31  Pylon  
  79  11:46  Stalker  
  77  11:55  Probe  
  74  12:04  Stalker x4  
  74  12:06  Probe  
  81  12:13  Stalker  
  81  12:14  Stalker  
  85  12:16  Probe  
  63  12:39  Stalker x3  
Show
View Real Time Build Order
Export as new Build Order

Eiki Protoss - Winner!

Build Orders: 1 Gate Expand 

Get SALT Encoding   

  12  0:01  Probe (Chrono Boost)  
  13  0:11  Probe (Chrono Boost)  
  14  0:17  Pylon  
  14  0:22  Probe (Chrono Boost)  
  15  0:35  Probe (Chrono Boost)  
  16  0:37  Gateway  
  16  0:45  Probe (Chrono Boost)  
  17  1:06  Nexus  
  17  1:10  Probe (Chrono Boost)  
  18  1:21  Probe (Chrono Boost)  
  18  1:25  Cybernetics Core  
  19  1:27  Assimilator  
  19  1:32  Assimilator  
  19  1:36  Probe (Chrono Boost)  
  20  1:43  Pylon  
  20  1:48  Probe (Chrono Boost)  
  21  2:01  Adept (Chrono Boost)  
  21  2:04  Probe  
  24  2:16  Pylon  
  24  2:20  Mothership Core (Chrono Boost)  
  24  2:21  Warp Gate  
  26  2:26  Gateway  
  26  2:34  Probe (Chrono Boost)  
  27  2:39  Probe (Chrono Boost)  
  27  2:42  Stalker (Chrono Boost)  
  30  2:51  Pylon  
  30  3:09  Stalker (Chrono Boost)  
  32  3:14  Stalker (Chrono Boost)  
  32  3:31  Gateway  
  32  3:35  Stalker (Chrono Boost)  
  32  3:41  Stalker (Chrono Boost)  
  36  3:51  Pylon  
  36  3:57  Gateway  
  35  4:05  Stalker (Chrono Boost)  
  35  4:07  Stalker (Chrono Boost)  
  39  4:19  Twilight Council  
  39  4:30  Pylon  
  39  4:34  Pylon  
  39  4:38  Pylon  
  39  4:52  Probe (Chrono Boost)  
  40  4:54  Sentry  
  40  4:57  Blink (Chrono Boost)  
  40  4:59  Stalker  
  44  5:09  Stalker  
  46  5:16  Pylon  
  46  5:27  Robotics Facility  
  46  5:35  Stalker  
  48  6:00  Stalker  
  48  6:01  Stalker x2  
  54  6:15  Observer  
  55  6:30  Nexus  
  55  6:39  Stalker  
  57  6:48  Pylon  
  61  7:12  Probe  
  62  7:21  Robotics Bay  
  58  7:24  Probe (Chrono Boost)  
  59  7:36  Probe (Chrono Boost)  
  60  7:39  Pylon  
  60  7:44  Stalker x2  
  60  7:47  Probe (Chrono Boost)  
  65  7:52  Stalker  
  65  7:57  Probe (Chrono Boost)  
  68  7:59  Forge  
  68  8:07  Sentry  
  68  8:08  Probe (Chrono Boost)  
  68  8:09  Sentry, Zealot  
  73  8:18  Probe (Chrono Boost)  
  70  8:21  Disruptor (Chrono Boost)  
  70  8:23  Zealot  
  74  8:29  Pylon  
  74  8:45  Stalker x2  
  68  8:51  Zealot  
  68  8:52  Zealot  
  56  9:05  Probe  
  56  9:07  Probe  
  58  9:12  Pylon  
  58  9:13  Stalker  
  58  9:14  Stalker x2  
  64  9:18  Assimilator x2  
  64  9:19  Pylon  
  64  9:27  Pylon  
  64  9:30  Stalker  
  61  9:39  Stalker x2  
  61  9:44  Probe  
  66  9:45  Probe  
  67  9:53  Photon Cannon  
  67  10:08  Probe, Disruptor (Chrono Boost)  
  67  10:09  Probe  
  67  10:11  Adept  
  74  10:18  Protoss Ground Weapons Level 1 (Chrono Boost)  
  74  10:24  Pylon  
  74  10:34  Disruptor (Chrono Boost)  
  75  10:50  Stalker x2  
  75  10:52  Stalker  
  81  11:03  Photon Cannon  
  81  11:08  Observer  
  82  11:17  Stalker x2  
  86  11:19  Probe  
  86  11:25  Adept  
  89  11:32  Pylon  
  89  11:43  Disruptor  
  90  11:52  Photon Cannon  
  90  11:53  Photon Cannon  
  90  12:17  Observer  
  90  12:21  Stalker x2  
  87  12:41  Stalker x2  
Tags
 
Add a new tag
Caveats
  • Supply blocks, unpowered buildings, or Contaminate may cause inaccurate times.
  • Supply counts are checked every 10 seconds.